 Dungeon Crawl Stone Soup version 0.28.0 (webtiles) character file.

Game seed: 11393041210162521826

4 sanka the Ducker (level 1, 0/10 HPs)
             Began as a Tengu Earth Elementalist on Feb 9, 2022.
             Slain by a jackal (2 damage)
             ... on level 1 of the Dungeon.
             The game lasted 00:00:15 (27 turns).

sanka the Ducker (Tengu Earth Elementalist)           Turns: 27, Time: 00:00:16

Health: 0/10       AC:  2    Str:  8    XL:     1   Next: 60%
Magic:  0/4        EV: 12    Int: 15    God:
Gold:   0          SH:  0    Dex: 14    Spells: 3/4 levels left

rFire   . . .      SeeInvis .   (no weapon)
rCold   . . .      Faith    .   (no shield)
rNeg    . . .      Spirit   .   b - +0 robe
rPois   .          Reflect  .   (helmet restricted)
rElec   .          Harm     .   (no cloak)
rCorr   .          Rampage  .   (no gloves)
Will    .....                   (boots unavailable)
Stlth   ++........              (no amulet)
HPRegen 0.03/turn               (no ring)
MPRegen 0.09/turn               (no ring)

@: no status effects
A: beak, talons 3
a: no special abilities


You were on level 1 of the Dungeon.
You visited 1 branch of the dungeon, and saw 1 of its levels.

Inventory:

Missiles
 c - 25 stones
Armour
 b - a +0 robe (worn)


   Skills:
 - Level 2.1 Dodging
 - Level 2.0 Stealth
 - Level 2.0 Spellcasting
 + Level 1.5 Conjurations
 - Level 0.7 Transmutations
 - Level 2.1 Earth Magic


You had 3 spell levels left.
You knew the following spells:

 Your Spells              Type           Power      Damage    Failure   Level
a - Sandblast             Erth           16%        2d6       9%          1

Your spell library contained the following spells:

 Spells                   Type           Power      Damage    Failure   Level
 Beastly Appendage        Tmut           6%         N/A       17%         1
 Passwall                 Tmut/Erth      4%         N/A       19%         2
 Wereblood                Tmut           3%         N/A       26%         2
 Stone Arrow              Conj/Erth      14%        3d7       30%         3
 Spider Form              Tmut/Pois      2%         N/A       50%         3
 Petrify                  Tmut/Erth      5%         N/A       77%         4


Dungeon Overview and Level Annotations

Branches:
Dungeon (1/15)

Altars:


Innate Abilities, Weirdness & Mutations

You have a beak for a mouth.
You have claws for feet.


Message History

The jackal is almost dead.
The jackal barely misses you.
A quokka comes into view.
You are too depleted to draw on your mana recklessly!
Unknown command.
The jackal completely misses you. The jackal misses you.
There is a staircase leading out of the dungeon here.
The jackal bites you but does no damage. x2
Found 8 gold pieces.
The blast of sand hits the jackal!
You kill the jackal!
Your Conjurations skill increases to level 1!
You closely miss the jackal. Your peck misses the jackal.
The jackal is almost dead.
The jackal misses you.
An endoplasm comes into view.
The jackal bites you.
You closely miss the jackal. Your kick misses the jackal. You peck the jackal.
You kill the jackal!
You completely miss the jackal. Your kick misses the jackal.
You peck the jackal, but do no damage.
The jackal bites you but does no damage.
You closely miss the jackal. Your peck misses the jackal.
The jackal bites you. x2
You are too injured to fight recklessly!
You are too injured to fight recklessly!
You are too injured to fight recklessly!
You hit the jackal but do no damage. Your kick misses the jackal.
Your peck misses the jackal. The jackal bites you.
* * * LOW HITPOINT WARNING * * *
You closely miss the jackal. You claw the jackal, but do no damage.
You peck the jackal.
The jackal is moderately wounded.
The jackal closely misses you.
A frilled lizard comes into view.
The jackal closely misses you.
You hit the jackal. You peck the jackal.
The jackal is severely wounded.
The frilled lizard hisses.
The jackal bites you.
You die...

###############
............... ..
.$.............
..................
...........?.......
$......######@.......
..#..##....rh##......
...##.......J..#.....
..#.............#....
.#........<.....# ...
#..........##...# ..
#......l..#....#.. .
#.............#....
............##.....


You could see an endoplasm, a quokka, a jackal and a frilled lizard.

Vanquished Creatures
  3 jackals (D:1)
3 creatures vanquished.

Notes
Turn   | Place    | Note
-------+----------+-------------------------------------------
     0 | D:1      | sanka the Tengu Earth Elementalist began the quest for the
                  | Orb.
     0 | D:1      | Reached XP level 1. HP: 10/10 MP: 4/4
    21 | D:1      | Reached skill level 1 in Conjurations
    27 | D:1      | Slain by a jackal

Illustrated notes

Levels and vault maps discovered:
D:1:      dpeg_arrival_solitude, layout_basic

Skill      XL: |  1 |
---------------+----+-----
Conjurations   | 1 |  1.5
Dodging        | |  2.1
Stealth        | |  2.0
Spellcasting   | |  2.0
Transmutations | |  0.7
Earth Magic    | |  2.1

Action                   || total
-------------------------++-------
Melee: Unarmed           ||     7
       Peck              ||     4
       Kick              ||     1
 Cast: Sandblast         ||     5
Armor: Robe              ||     3
Dodge: Dodged            ||     7
